 Dungeon Crawl Stone Soup version 0.28-a0-1496-g3c2d799 (webtiles) character file.

Game seed: 15846409097786195553

39 SirPussy the Ducker (level 3, -1/17 HPs)
             Began as a Felid Monk on Jan 12, 2022.
             Slain by a water moccasin (10 damage)
             ... on level 4 of the Dungeon.
             The game lasted 00:06:08 (4008 turns).

SirPussy the Ducker (Felid Monk)                    Turns: 4008, Time: 00:06:09

Health: -1/17      AC:  1    Str:  9    XL:     3   Next: 26%
Magic:  4/4        EV: 19    Int: 11    God:
Gold:   35         SH:  0    Dex: 18    Spells: 2/2 levels left
                                        Lives:  0   Deaths: 1

rFire   . . .      SeeInvis +     - Unarmed
rCold   . . .      Faith    .   (shield unavailable)
rNeg    . . .      Spirit   .   (armour unavailable)
rPois   .          Reflect  .   (helmet unavailable)
rElec   .          Harm     .   (cloak unavailable)
rCorr   .          Rampage  .   (gloves unavailable)
Will    .....                   (boots unavailable)
Stlth   +++.......              (no amulet)
HPRegen 0.05/turn               (no ring)
MPRegen 0.09/turn               (no ring)

@: quick
A: very small, claws 1, fangs 3, see invisible, speed 1, shaggy fur 1, stealthy
paws, no weapons or thrown items, no armour, multi-lived
a: no special abilities


You were on level 4 of the Dungeon.
You visited 1 branch of the dungeon, and saw 4 of its levels.

You collected 115 gold pieces.
You spent 80 gold pieces at shops.

Inventory:

Scrolls
 e - a scroll of amnesia
 g - a scroll of magic mapping
 h - a scroll of enchant weapon {unknown}
 i - a scroll of fog
 k - a scroll of fear {unknown}
 l - a scroll of vulnerability {unknown}
Potions
 a - a potion of resistance
 b - a potion of magic
 c - a potion of invisibility {unknown}
 d - a potion of berserk rage {unknown}
 f - a potion of haste {unknown}
 j - a potion of cancellation {unknown}


   Skills:
 + Level 3.5 Fighting
 + Level 4.7 Dodging
 + Level 3.6 Stealth
 * Level 4.0 Unarmed Combat


You had 2 spell levels left.
You didn't know any spells.
Your spell library was empty.

Dungeon Overview and Level Annotations

Branches:
Dungeon (4/15)
 Temple: D:4-7

Altars:
Beogh

Shops:
D:1 ?

Annotations:
D:3 3 runed translucent doors, Hisoka's ghost, weakling DsFi
D:4 Grinder; Ijyb


Innate Abilities, Weirdness & Mutations

You have sharp claws.
You have razor-sharp teeth.
You have supernaturally acute eyesight. (SInv)
You cover ground quickly. (Speed+)
You are covered in fur. (AC +1)
Your paws help you pounce on unaware monsters.
You are incapable of wielding weapons or throwing items.
You cannot wear armour.
You gain extra lives every three experience levels.


Message History

You start waiting.
Done waiting.
There is a stone staircase leading down here.
You climb downwards.
Level annotation: Grinder; Ijyb
There is a stone staircase leading up here.
Ijyb shouts!
Ijyb zaps a wand.
The bolt of acid hits you!!!
Ouch! That really hurt!
You die...
The acid corrodes you!
You are now level 3!
You rejoin the land of the living...
Found a club, 12 gold pieces and a scroll labelled IFYTIR ZUIFE.
Found 28 stones.
You see here 12 gold pieces.
A water moccasin is nearby!
The water moccasin hisses angrily.
You see here 12 gold pieces.
You now have enough gold to buy a scroll of magic mapping on D:1.
You can access your shopping list by pressing '$'.
You now have 35 gold pieces (gained 12).
You scratch the water moccasin.
The water moccasin is lightly wounded.
The water moccasin closely misses you. x2
You miss the water moccasin. Your bite misses the water moccasin.
The water moccasin is lightly wounded.
The water moccasin completely misses you.
You closely miss the water moccasin.
The water moccasin is lightly wounded.
The water moccasin bites you!
Ouch! That really hurt!
You scratch the water moccasin. Your claw misses the water moccasin.
The water moccasin is moderately wounded.
The water moccasin closely misses you. x2
You closely miss the water moccasin.
The water moccasin is moderately wounded.
The water moccasin bites you!
Ouch! That really hurt!
You die...

....#.........#
#......(..#.....#
#.......####..)##
.......# #...#
......## #...#
#.....## #...#
##.....###...#
#.......#...#
#...@S......#
#..####.....# #.
###...# # ##.....
...... ......
...... .....


You could see a water moccasin.

Vanquished Creatures
  2 adders (D:3)
  2 worms (D:2)
  A dart slug (D:1)
  5 endoplasms
  5 giant cockroaches
  8 goblins
  4 hobgoblins
  6 kobolds
  A quokka (D:2)
  6 ball pythons
  7 bats
  8 frilled lizards
  7 rats
62 creatures vanquished.

Notes
Turn   | Place    | Note
-------+----------+-------------------------------------------
     0 | D:1      | SirPussy the Felid Monk began the quest for the Orb.
     0 | D:1      | Reached XP level 1. HP: 10/10 MP: 2/2
    84 | D:1      | Found Veow's Magic Scroll Shop.
   348 | D:1      | Reached XP level 2. HP: 14/14 MP: 3/3
  1201 | D:1      | Bought a scroll of identify for 20 gold pieces
  1201 | D:1      | Bought a scroll of identify for 20 gold pieces
  1667 | D:2      | Reached XP level 3. HP: 17/17 MP: 4/4
  2816 | D:1      | Bought a scroll of identify for 20 gold pieces
  2816 | D:1      | Bought a scroll of fog for 20 gold pieces
  2981 | D:3      | Reached XP level 4. HP: 15/21 MP: 5/5
  3505 | D:3      | Found a runed translucent gate.
  3506 | D:3      | Found a runed translucent gate.
  3506 | D:3      | Identified the +5 hand axe of the Scorching Priest {pain,
                  | *Rage rPois rC+}
  3506 | D:3      | Identified the +9 chain mail "Serafeva" {Str+4}
  3507 | D:3      | Found a runed translucent gate.
  3507 | D:3      | Noticed Hisoka's ghost (weakling DsFi)
  3726 | D:4      | Noticed Ijyb
  3799 | D:4      | Noticed Grinder
  3831 | D:4      | Noticed a water moccasin
  3831 | D:4      | Noticed a sky beast
  3984 | D:4      | Killed from afar by Ijyb
  3985 | D:4      | Reached XP level 3. HP: -22/17 MP: 4/4
  4008 | D:4      | Slain by a water moccasin

Illustrated notes

Levels and vault maps discovered:
D:1:      matt_arrival_los_fun, layout_basic, serial_shops, shop,
          minmay_misc_feat_columns, minmay_door_square, minmay_misc_feat_doors
D:2:      layout_loops_cross, minmay_lizard_pond
D:3:      layout_rooms, biasface_ghost_orc_armoury
D:4:      layout_layer_cave, uniq_grinder, uniq_robin, uniq_ijyb, uniq_eustachio

Skill      XL: |  1  2  3  4 |
---------------+-------------+-----
Stealth        | 3 |  3.6
Unarmed Combat | 4 |  4.0
Fighting       | |  3.5
Dodging        | |  4.7

Action                   |  1- 3 |  4- 6 || total
-------------------------+-------+-------++-------
Melee: Unarmed           |   125 |    15 ||   140
       Bite              |    11 |     1 ||    12
       Punch             |     4 |     1 ||     5
  Use: Scroll            |     6 |       ||     6
 Stab: Sleeping          |    15 |       ||    15
Armor: Skin              |     3 |       ||     3
Dodge: Dodged            |    81 |    18 ||    99

Table legend: (Time is in decaauts)
 A = Elapsed time spent in this place.
 B = Non-inter-level travel time spent in this place.
 C = Inter-level travel time spent in this place.
 D = Time resting spent in this place.
 E = Time spent auto-exploring this place.
 F = Levels seen in this place.
 G = Mean time per level.
                   A        B        C        D        E       F      G
               +--------+--------+--------+--------+--------+-----+--------+
         Total |   3492 |   3188 |    304 |    578 |   2096 |   4 |  873.0 |
       Dungeon |   3492 |   3188 |    304 |    578 |   2096 |   4 |  873.0 |
               +--------+--------+--------+--------+--------+-----+--------+

Top non-repeatable levels by time:
     D:1: 1309 daAuts
     D:3: 1140 daAuts
     D:2: 958 daAuts
     D:4: 83 daAuts
